 Dungeon Crawl Stone Soup version 0.30-b1-2-g02819fbbbe (webtiles) character file.

Game seed: 3898485367457249596

18358 Uniquedivine the Executioner (level 12, -4/141 HPs)
             Began as a Minotaur Berserker on May 28, 2023.
             Was a High Priest of Trog.
             Slain by a ten-headed hydra (5 damage)
             ... on level 2 of the Lair of Beasts.
             The game lasted 01:12:10 (8937 turns).

Uniquedivine the Executioner (Minotaur Berserker)   Turns: 8937, Time: 01:12:12

Health: -4/141     AC: 19    Str: 26    XL:     12   Next: 27%
Magic:  0/11       EV:  5    Int:  8    God:    Trog [*****.]
Gold:   535        SH: 13    Dex: 15    Spells: 11/11 levels left

rFire   . . .        c - +3 war axe (elec)
rCold   . . .        s - +2 tower shield
rNeg    . . .        L - +0 plate armour
rPois   .            (helmet restricted)
rElec   .            w - +0 cloak
rCorr   .            i - +0 pair of gloves
SInv    .            A - +0 pair of boots
Will    +++..        b - amulet of guardian spirit Stlth
                     k - +6 ring of dexterity
HPRegen 1.43/turn    x - +4 ring of protection
MPRegen 0.12/turn

%: guardian spirit
@: berserking, strong-willed, regenerating, very quick
A: horns 2, retaliatory headbutt, clever 1, strong-willed 1, screaming 2
a: Renounce Religion, Berserk, Trog's Hand, Brothers in Arms


You were on level 2 of the Lair of Beasts.
You worshipped Trog.
Trog was extremely pleased with you.
You visited 3 branches of the dungeon, and saw 11 of its levels.

You collected 839 gold pieces.
You spent 304 gold pieces at shops.

Inventory:

Hand Weapons
 c - a +3 war axe of electrocution (weapon)
 g - a +1 vampiric dagger
 M - the +8 battleaxe "Upsear" {heavy, rN+ Int+3}
   (You took it off an orc on level 8 of the Dungeon)

   Int:       It affects your intelligence (+3).
   rN:        It protects you from negative energy.
 O - a -2 demon whip of venom
Missiles
 d - 126 stones
 e - 9 boomerangs
 j - 30 poisoned darts (quivered)
 m - 2 silver boomerangs
 y - 5 javelins
 D - 2 boomerangs of dispersal
 G - 4 throwing nets
Armour
 i - a +0 pair of gloves (worn)
 l - a +0 chain mail
 s - a +2 tower shield (worn)
 w - a +0 cloak (worn)
 A - a +0 pair of boots (worn)
 K - a +0 chain mail
 L - a +0 plate armour (worn)
Jewellery
 b - an amulet of guardian spirit (around neck)
 k - a +6 ring of dexterity (left hand)
 p - a +6 ring of dexterity
 x - a +4 ring of protection (right hand)
 B - a ring of willpower
 F - a ring of protection from fire
 H - a ring of protection from cold
 I - a ring of flight
 P - a ring of protection from fire
 R - a +6 ring of dexterity
Wands
 N - a wand of polymorph (5)
 S - a wand of roots (5)
Scrolls
 a - a scroll of blinking
 r - a scroll of magic mapping
 t - 4 scrolls of teleportation
 u - a scroll of torment
 Q - a scroll of poison
Potions
 f - 2 potions of brilliance
 h - 2 potions of lignification
 n - 2 potions of invisibility
 o - 7 potions of curing
 q - 3 potions of resistance
 v - a potion of magic
 z - 4 potions of heal wounds
 C - 3 potions of flight
 E - a potion of cancellation {unknown}
 J - 2 potions of degeneration {unknown}


   Skills:
 - Level 5.0 Fighting
 + Level 22.6 Axes
 - Level 4.1 Armour
 - Level 3.7 Dodging


You had 11 spell levels left.
You didn't know any spells.
Your spell library was empty.

Dungeon Overview and Level Annotations

Branches:
Dungeon (8/15)             Temple (1/1) D:7            Lair (2/5) D:8
  Swamp: Lair:2-3    Shoals: Lair:2-3     Snake: Lair:2-3    Spider: Lair:2-3

Altars:
Ashenzari
Cheibriados
Dithmenos
Elyvilon
Fedhas
Hepliaklqana
Kikubaaqudgha
Makhleb
Nemelex Xobeh
Okawaru
Qazlal
Ru
Sif Muna
Trog
Uskayaw
Vehumet
Wu Jian
Xom
Yredelemnul
The Shining One

Shops:
D:2 (!*   D:3 =   D:4 :   D:5 *


Innate Abilities, Weirdness & Mutations

You have a pair of horns on your head.
You reflexively headbutt those who attack you in melee.
Your mind is acute. (Int +4, Str/Dex -1)
You are strong-willed. (Will+)
You frequently scream uncontrollably at your foes.


Message History

The six-headed hydra grows two more!
You slice the eight-headed hydra!! You headbutt the eight-headed hydra!!
The eight-headed hydra is severely wounded.
You slice the elephant!! You slash the elephant! You hit the elephant.
You slash the elephant!
You kill the elephant!
Trog accepts your kill.
You block the eight-headed hydra's attack.
The eight-headed hydra barely misses you.
The eight-headed hydra bites you but does no damage.
You block the eight-headed hydra's attack.
The eight-headed hydra bites you but does no damage.
The eight-headed hydra completely misses you.
The eight-headed hydra bites you!
* * * LOW HITPOINT WARNING * * *
The eight-headed hydra bites you.
* * * LOW HITPOINT WARNING * * *
You slice one of the eight-headed hydra's heads off!
The seven-headed hydra grows two more!
You slash the nine-headed hydra!
The nine-headed hydra is severely wounded.
You slash the elephant! You barely miss the elephant. You slice the elephant!!
You block the elephant's attack. The elephant trunk-slaps you.
* * * LOW HITPOINT WARNING * * *
You block the elephant's attack. x2; The elephant tramples you!
* * * LOW HITPOINT WARNING * * *
You hold your ground!
The elephant trunk-slaps you but does no damage.
You slice one of the nine-headed hydra's heads off!
The eight-headed hydra grows two more!
You hit the ten-headed hydra.
Lightning courses through the ten-headed hydra!!
The ten-headed hydra is almost dead.
You slash the elephant! x2; Lightning courses through the elephant!
You slash the elephant! You hit the elephant but do no damage.
You block the ten-headed hydra's attack. x3
The ten-headed hydra bites you!
* * * LOW HITPOINT WARNING * * *
The ten-headed hydra completely misses you.
The ten-headed hydra bites you but does no damage.
The ten-headed hydra bites you.
You die...

........
......# ....#.
....: #... ..
#. #..# ..##.#
#..# .....
##Y.#
#...##@D## .
#.#.YYY## ....
#.......#P..#
##....[....#
######......P##
##...##.....###
#P...........#
##........##..#
# #
####........#
..#


You could see a ten-headed hydra and 4 elephants.

Vanquished Creatures
  A two-headed ogre (D:8)
  The ghost of Kaece the Destroyer, a novice TeFE of Vehumet (Lair:1)
  Nergalle (Lair:1)
  Amaemon (D:8)
  The ghost of KineticRobot the Carver, a novice HuMo of Ru (D:6)
  A deep elf pyromancer (D:7)
  A cyclops (D:6)
  An oklob plant (Lair:1)
  6 elephants (Lair:2)
  A black mamba (Lair:1)
  An orange demon (D:8)
  A gargoyle (D:7)
  2 cane toads
  A rime drake (Lair:1)
  3 komodo dragons (Lair:1)
  Grinder (D:4)
  3 blink frogs (Lair:1)
  5 yaks
  A wraith (D:6)
  A basilisk (Lair:1)
  A wyvern (D:7)
  2 wargs (D:8)
  6 water moccasins
  Duvessa (D:6)
  An ice beast (D:5)
  7 sky beasts
  2 black bears
  3 orc warriors
  6 ogres
  18 wolves
  3 centaurs
  A phantom (D:6)
  2 kobold brigands (D:8)
  9 bullfrogs
  3 gnoll sergeants (D:8)
  4 scorpions
  Dowan (D:6)
  2 howler monkeys
  3 hounds
  3 jellies
  4 orc priests
  Natasha (thrice) (D:3)
  2 iguanas (D:5)
  2 sleepcaps (D:6)
  10 orc wizards
  6 adders
  13 gnolls
  A shadow imp (D:6)
  2 white imps (D:6)
  An ufetubus (D:7)
  2 worms
  4 dart slugs (D:1)
  31 orcs
  4 ball pythons
  4 bats
  6 endoplasms
  7 giant cockroaches
  7 goblins
  6 hobgoblins
  3 jackals (D:2)
  A quokka (D:1)
  4 frilled lizards
  19 kobolds
  6 rats
260 creatures vanquished.

Vanquished Creatures (collateral kills)
  A black mamba (Lair:1)
  A rime drake (Lair:1)
  A polar bear (Lair:1)
  A basilisk (Lair:1)
  A water moccasin (Lair:2)
  A black bear (Lair:2)
  2 wolves (Lair:2)
8 creatures vanquished.

Vanquished Creatures (others)
  7 fungi
  10 plants
  3 toadstools (D:2)
20 creatures vanquished.

Grand Total: 288 creatures vanquished

Notes
Turn   | Place    | Note
-------+----------+-------------------------------------------
     0 | D:1      | Uniquedivine the Minotaur Berserker began the quest for the
                  | Orb.
     0 | D:1      | Reached XP level 1. HP: 19/19 MP: 0/0
   108 | D:1      | Reached XP level 2. HP: 23/27 MP: 1/1
   330 | D:1      | Reached skill level 4 in Axes
   483 | D:1      | Reached XP level 3. HP: 33/33 MP: 2/2
   865 | D:2      | Reached ** piety under Trog
   880 | D:2      | Found Jysch's General Store.
  1069 | D:2      | Found a faded altar of an unknown god.
  1141 | D:2      | Bought a potion of mutation for 96 gold pieces
  1141 | D:2      | Gained mutation: You occasionally lose the ability to drink
                  | potions when taking damage. [potion of mutation]
  1141 | D:2      | Gained mutation: You have sharp fingernails. [potion of
                  | mutation]
  1141 | D:2      | Gained mutation: You have a somewhat thin skeletal
                  | structure. (Dex +2, Stealth+) [potion of mutation]
  1166 | D:2      | Found Befriunnuo's Weapon Shop.
  1318 | D:2      | Found Qoompaump's Distillery.
  1531 | D:3      | Noticed Natasha
  1535 | D:3      | Killed Natasha
  1536 | D:3      | Reached XP level 4. HP: 41/41 MP: 3/3
  1548 | D:3      | Noticed Natasha
  1553 | D:3      | Killed Natasha
  1721 | D:3      | Found Vuikaas's One-of-a-Kind Rings.
  1816 | D:3      | Noticed Natasha
  1822 | D:3      | Killed Natasha
  1823 | D:3      | Reached XP level 5. HP: 41/47 MP: 4/4
  2223 | D:4      | Reached skill level 5 in Fighting
  2225 | D:4      | Reached skill level 5 in Axes
  2353 | D:4      | Noticed Grinder
  2369 | D:4      | Killed Grinder
  2370 | D:4      | Reached skill level 7 in Axes
  2370 | D:4      | Reached XP level 6. HP: 54/56 MP: 5/5
  2404 | D:4      | Found a hide-covered altar of Uskayaw.
  2404 | D:4      | Found a shadowy altar of Dithmenos.
  2451 | D:4      | Found Gixtasep's Book Boutique.
  2464 | D:4      | Reached *** piety under Trog
  2761 | D:4      | Reached skill level 8 in Axes
  2761 | D:4      | Reached XP level 7. HP: 57/61 MP: 6/6
  2884 | D:5      | Entered Level 5 of the Dungeon
  2944 | D:5      | Found Jugevos's Assorted Antiques.
  2978 | D:5      | Bought a potion of mutation for 208 gold pieces
  2978 | D:5      | Lost mutation: You have sharp fingernails. [potion of
                  | mutation]
  2978 | D:5      | Lost mutation: You occasionally lose the ability to drink
                  | potions when taking damage. [potion of mutation]
  2978 | D:5      | Gained mutation: Your flesh is heat resistant. (rF+)
                  | [potion of mutation]
  2978 | D:5      | Gained mutation: You occasionally shout uncontrollably at
                  | your foes. [potion of mutation]
  2978 | D:5      | Gained mutation: Your mind is acute. (Int +4, Str/Dex -1)
                  | [potion of mutation]
  3116 | D:5      | Lost mutation: You have a somewhat thin skeletal structure.
                  | (Dex +2, Stealth+) [potion of mutation]
  3116 | D:5      | Lost mutation: You occasionally shout uncontrollably at
                  | your foes. [potion of mutation]
  3116 | D:5      | Lost mutation: Your mind is acute. (Int +4, Str/Dex -1)
                  | [potion of mutation]
  3116 | D:5      | Gained mutation: You occasionally shout uncontrollably at
                  | your foes. [potion of mutation]
  3116 | D:5      | Gained mutation: You frequently scream uncontrollably at
                  | your foes. [potion of mutation]
  3116 | D:5      | Gained mutation: Your mind is acute. (Int +4, Str/Dex -1)
                  | [potion of mutation]
  3116 | D:5      | Gained mutation: You are partially covered in iridescent
                  | scales. (AC +2) [potion of mutation]
  3245 | D:5      | Reached skill level 9 in Axes
  3250 | D:5      | Lost mutation: Your mind is acute. (Int +4, Str/Dex -1)
                  | [potion of mutation]
  3250 | D:5      | Lost mutation: Your flesh is heat resistant. (rF+) [potion
                  | of mutation]
  3250 | D:5      | Lost mutation: You are partially covered in iridescent
                  | scales. (AC +2) [potion of mutation]
  3250 | D:5      | Gained mutation: Your mind is acute. (Int +4, Str/Dex -1)
                  | [potion of mutation]
  3250 | D:5      | Gained mutation: You are strong-willed. (Will+) [potion of
                  | mutation]
  3314 | D:5      | Reached skill level 10 in Axes
  3371 | D:5      | Reached XP level 8. HP: 68/68 MP: 7/7
  3499 | D:5      | Found a white marble altar of Elyvilon.
  3586 | D:5      | Found a glowing golden altar of the Shining One.
  3588 | D:5      | Found a stormy altar of Qazlal.
  3589 | D:5      | Found a shimmering altar of Xom.
  3851 | D:6      | Reached skill level 11 in Axes
  3968 | D:6      | Noticed Dowan
  3969 | D:6      | Noticed Duvessa
  3980 | D:6      | Killed Duvessa
  3981 | D:6      | Reached skill level 12 in Axes
  3986 | D:6      | Killed Dowan
  4018 | D:6      | Found a bloodstained altar of Trog.
  4172 | D:6      | Found a transporter.
  4172 | D:6      | Noticed a cyclops
  4175 | D:6      | Noticed KineticRobot's ghost (novice HuMo)
  4200 | D:6      | Found a transporter.
  4293 | D:6      | Reached skill level 13 in Axes
  4294 | D:6      | Killed a cyclops
  4295 | D:6      | Reached XP level 9. HP: 74/74 MP: 8/8
  4298 | D:6      | Reached skill level 14 in Axes
  4298 | D:6      | Killed KineticRobot's ghost
  4298 | D:6      | Reached **** piety under Trog
  4299 | D:6      | Reached skill level 15 in Axes
  5153 | D:7      | Found a staircase to the Ecumenical Temple.
  5329 | D:7      | Reached skill level 16 in Axes
  5330 | D:7      | Reached XP level 10. HP: 81/81 MP: 9/9
  5519 | Temple   | Entered the Ecumenical Temple
  6038 | D:7      | Noticed a gargoyle
  6051 | D:7      | Killed a gargoyle
  6092 | D:7      | Noticed a deep elf pyromancer
  6097 | D:7      | Killed a deep elf pyromancer
  6098 | D:7      | Reached skill level 17 in Axes
  6542 | D:8      | Identified the +8 battleaxe "Upsear" {heavy, rN+ Int+3}
  6557 | D:8      | Reached skill level 18 in Axes
  6557 | D:8      | Found a staircase to the Lair.
  6693 | D:8      | Reached ***** piety under Trog
  6770 | D:8      | Noticed a two-headed ogre
  6775 | D:8      | Noticed Amaemon
  6776 | D:8      | Killed a two-headed ogre
  6784 | D:8      | Killed Amaemon
  6786 | D:8      | Noticed an orange demon
  6794 | D:8      | Killed an orange demon
  6795 | D:8      | Reached skill level 19 in Axes
  6795 | D:8      | Reached XP level 11. HP: 63/86 MP: 8/10
  7237 | Lair:1   | Entered Level 1 of the Lair of Beasts
  7244 | Lair:1   | Noticed Nergalle
  7258 | Lair:1   | Killed Nergalle
  7531 | Lair:1   | Noticed an oklob plant
  7533 | Lair:1   | Noticed Kaece's ghost (novice TeFE)
  7554 | Lair:1   | Reached skill level 20 in Axes
  7766 | Lair:1   | Found a transporter.
  8116 | Lair:1   | Found a transporter.
  8381 | Lair:1   | Killed Kaece's ghost
  8383 | Lair:1   | Reached skill level 21 in Axes
  8394 | Lair:1   | Killed an oklob plant
  8880 | Lair:2   | Reached XP level 12. HP: 94/94 MP: 9/11
  8893 | Lair:2   | Reached skill level 22 in Axes
  8917 | Lair:2   | Noticed a seven-headed hydra
  8937 | Lair:2   | HP: 1/141 [ten-headed hydra (9)]
  8937 | Lair:2   | Slain by a ten-headed hydra

Illustrated notes

Levels and vault maps discovered:
D:1:      amcnicky_arrival_flooded_fountain, layout_basic
D:2:      layout_rooms, serial_shops, shop, shop, shop,
          nicolae_ecumenical_pavilion, minmay_misc_feat_room,
          minmay_gold_behind_fungi
D:3:      layout_rooms, nicolae_shop_unique_rings, minmay_misc_feat_ornament,
          kennysheep_generic_room_11, uniq_natasha
D:4:      layout_loops_ring, gammafunk_temple_overflow_statue,
          minmay_shop_grid_forest, uniq_grinder
D:5:      layout_loops_ring, minitemple, mainiacjoe_overflow_alcove_4,
          serial_shops, shop
D:6:      layout_basic, mainiacjoe_overflow_concentric_impassable,
          gammafunk_ghost_arena, uniq_duvessa
D:7:      cheibrodos_quashed, layout_loops_cross, minmay_temple_entry_crystal_x,
          nzn_random_ring
D:8:      layout_gridville, erik_lair_orcish_takeover, nicolae_grassy_gnolls,
          uniq_amaemon
Temple:   oiseaux_autumnal_temple
Lair:1:   layout_regular_city, nzn_ghost_randoct, dreamdust_mushroom_princess,
          uniq_nergalle
Lair:2:   layout_misc_corridors, minmay_swamp_entry_reptiles, basic_altar,
          gauntlet_entry_generic

Skill      XL: |  1  2  3  4  5  6  7  8  9 10 11 12 |
---------------+-------------------------------------+-----
Fighting       | 4 5 |  5.0
Axes           | 4 7 8 10 13 16 19 21 22 | 22.6
Armour         | 3 4 |  4.1
Dodging        | 3 |  3.7

Action                     |  1- 3 |  4- 6 |  7- 9 | 10-12 || total
---------------------------+-------+-------+-------+-------++-------
  Melee: Hand axe          |    61 |       |       |       ||    61
         Headbutt          |    12 |    11 |    30 |    44 ||    97
         Punch             |     3 |       |       |       ||     3
         War axe           |    29 |    63 |   138 |   262 ||   492
         Battleaxe         |       |       |       |    13 ||    13
  Throw: Stone             |     1 |       |       |       ||     1
         Dart              |       |       |     2 |     4 ||     6
 Invoke: Berserk           |       |     1 |     1 |     7 ||     9
         Trog's Hand       |       |       |       |     2 ||     2
         Brothers in Arms  |       |       |       |     2 ||     2
    Use: Potion            |     1 |       |     5 |     2 ||     8
         Scroll            |       |    16 |     3 |     2 ||    21
 Armour: Animal skin       |     6 |       |       |       ||     6
         Chain mail        |    13 |    16 |    53 |     2 ||    84
         Leather armour    |     2 |       |       |       ||     2
         Skin              |       |       |     7 |       ||     7
         Plate armour      |       |       |       |   183 ||   183
  Dodge: Dodged            |    32 |     6 |    16 |    77 ||   131
  Block: Tower shield      |    28 |    30 |   101 |   212 ||   371
